 Dungeon Crawl Stone Soup version 0.29-a0-72-g1732ff48e7 (webtiles) character file.

Game seed: 5818332041101623040

1397 bande the Chopper (level 8, -9/50 HPs)
             Began as a Gargoyle Fighter on Feb 4, 2022.
             Was an Initiate of Okawaru.
             Mangled by a cyclops (16 damage)
             ... on level 6 of the Dungeon.
             The game lasted 00:11:40 (7923 turns).

bande the Chopper (Gargoyle Fighter)                Turns: 7923, Time: 00:11:40

Health: -9/50      AC: 17    Str: 19    XL:     8   Next: 69%
Magic:  9/9        EV:  7    Int: 10    God:    Okawaru [......]
Gold:   305        SH:  5    Dex: 11    Spells: 7/7 levels left

rFire   + . .      SeeInvis .   a - +0 war axe
rCold   . . .      Faith    .   c - +0 buckler
rNeg    + . .      Spirit   .   e - +0 chain mail
rPois   ∞          Reflect  .   (no helmet)
rElec   +          Harm     .   o - +0 cloak
rCorr   .          Rampage  .   (no gloves)
Will    .....                   (no boots)
Stlth   ..........              (no amulet)
HPRegen 0.16/turn               j - ring of protection from fire
MPRegen 0.11/turn               (no ring)

@: mighty
A: sickness immunity, AC +5, negative energy resistance 1, electricity
resistance, torment resistance 1, petrification resistance
a: Renounce Religion


You were on level 6 of the Dungeon.
You worshipped Okawaru.
Okawaru was noncommittal.
You visited 2 branches of the dungeon, and saw 7 of its levels.
You also visited: Sewer.

You collected 305 gold pieces.

Inventory:

Hand Weapons
 a - a +0 war axe (weapon)
 m - a +0 flail
Armour
 c - a +0 buckler (worn)
 e - a +0 chain mail (worn)
 o - a +0 cloak (worn)
Jewellery
 j - a ring of protection from fire (left hand)
Scrolls
 g - a scroll of amnesia
 k - 3 scrolls of teleportation
 l - a scroll of silence
 r - 2 scrolls of enchant armour {unknown}
 t - 2 scrolls of identify
Potions
 b - 2 potions of mutation {unknown}
 d - 3 potions of might
 h - a potion of resistance {unknown}
 i - a potion of magic {unknown}
 n - 3 potions of curing {unknown}
 p - a potion of lignification {unknown}
 s - a potion of brilliance {unknown}
Miscellaneous
 q - a piece from Xom's chessboard (15/15)


   Skills:
 + Level 5.5 Fighting
 + Level 6.5 Axes
 + Level 6.3 Armour
 + Level 4.8 Shields
 * Level 1.6 Invocations
 * Level 1.7 Evocations


You had 7 spell levels left.
You didn't know any spells.
Your spell library contained the following spells:

 Spells                   Type           Power      Damage    Failure   Level
 Beastly Appendage        Tmut           0%         N/A       99%         1
 Shock                    Conj/Air       0%         1d3       99%         1
 Blink                    Tloc           0%         N/A       100%        2
 Corpse Rot               Necr/Air       0%         N/A       100%        2
 Ensorcelled Hibernation  Hex/Ice        0%         N/A       100%        2
 Poisonous Vapours        Pois/Air       0%         N/A       100%        2
 Wereblood                Tmut           0%         N/A       100%        2
 Spider Form              Tmut/Pois      0%         N/A       100%        3
 Swiftness                Air            0%         N/A       100%        3
 Airstrike                Air            0%         N/A       100%        4
 Anguish                  Hex/Necr       0%         N/A       100%        4
 Manifold Assault         Tloc           0%         N/A       100%        5
 Storm Form               Tmut/Air       0%         N/A       100%        7


Dungeon Overview and Level Annotations

Branches:
Dungeon (6/15)             Temple (1/1) D:5           Sewer (visited)

Altars:
Cheibriados
Dithmenos
Gozag
Makhleb
Okawaru
Ru
Sif Muna
Trog
Uskayaw
Xom
Yredelemnul
Zin
The Shining One

Shops:
D:1 ?


Innate Abilities, Weirdness & Mutations

You are immune to sickness and miasma.
Your stone body is resilient. (AC +5)
You are immune to poison.
You resist negative energy. (rN+)
You are resistant to electric shocks. (rElec)
You are resistant to unholy torment.
You are immune to petrification.


Message History

The cyclops is lightly wounded.
The cyclops hits you!!
You hit the cyclops.
The cyclops is lightly wounded.
You hit the cyclops but do no damage.
The cyclops is lightly wounded.
The cyclops hits you.
You hit the cyclops.
The cyclops is moderately wounded.
The cyclops hits you!!
Ouch! That really hurt!
* * * LOW HITPOINT WARNING * * *
You feel much better.
The cyclops hits you but does no damage.
You barely miss the cyclops.
The cyclops is moderately wounded.
The cyclops barely misses you.
You barely miss the cyclops.
The cyclops is moderately wounded.
You barely miss the cyclops.
The cyclops is moderately wounded.
The cyclops hits you!!
* * * LOW HITPOINT WARNING * * *
You hit the cyclops.
The cyclops is moderately wounded.
The cyclops closely misses you.
You slash the cyclops!
The cyclops is heavily wounded.
The cyclops hits you but does no damage.
You feel very mighty all of a sudden.
The cyclops hits you but does no damage.
You hit the cyclops.
The cyclops is heavily wounded.
You block the cyclops's attack.
You slash the cyclops!
The cyclops is almost dead.
You barely miss the cyclops.
The cyclops is almost dead.
The cyclops hits you!
You die...

.......
.......
.......
...n...
....C..
.......
.......#######
#....†.nC@#
#.#########


You could see a cyclops and a necrophage.

Vanquished Creatures
  Pargi (Sewer)
  3 necrophages
  An ice beast (D:5)
  A black bear (D:6)
  3 ogres
  A scorpion (D:5)
  A water moccasin zombie (D:5)
  A bullfrog zombie (D:5)
  A hound (D:5)
  A jelly (D:6)
  A centaur skeleton (D:4)
  Crazy Yiuf (D:2)
  A bullfrog skeleton (D:4)
  An iguana (D:4)
  An orc wizard (D:3)
  2 hound skeletons (D:4)
  4 gnolls (D:2)
  A howler monkey skeleton (D:5)
  10 adders
  3 dart slugs
  15 orcs
  6 bats
  4 endoplasms
  3 giant cockroaches
  6 goblins
  12 hobgoblins
  4 jackals (D:2)
  2 quokkas
  5 ball pythons
  4 frilled lizards
  9 kobolds
  5 rats
114 creatures vanquished.

Vanquished Creatures (others)
  30 plants (D:2)
  4 toadstools (D:1)
34 creatures vanquished.

Grand Total: 148 creatures vanquished

Notes
Turn   | Place    | Note
-------+----------+-------------------------------------------
     0 | D:1      | bande the Gargoyle Fighter began the quest for the Orb.
     0 | D:1      | Reached XP level 1. HP: 14/14 MP: 1/1
     5 | D:1      | Found Kaewe's Magic Scroll Shoppe.
   566 | D:1      | Reached XP level 2. HP: 19/19 MP: 2/2
  1079 | D:1      | Reached XP level 3. HP: 24/24 MP: 3/3
  1398 | D:2      | Found a faded altar of an unknown god.
  1708 | D:2      | Reached XP level 4. HP: 18/29 MP: 4/4
  2359 | D:3      | Found a glowing drain.
  2372 | Sewer    | Entered a sewer
  2432 | Sewer    | Reached XP level 5. HP: 31/33 MP: 5/5
  2593 | Sewer    | Noticed Pargi
  2604 | Sewer    | Killed Pargi
  2605 | Sewer    | Reached XP level 6. HP: 38/38 MP: 6/6
  3344 | D:2      | Found a runed translucent door.
  3345 | D:2      | Noticed Crazy Yiuf
  3740 | D:2      | Killed Crazy Yiuf
  4260 | D:4      | Reached skill level 5 in Armour
  4408 | D:4      | Reached XP level 7. HP: 44/44 MP: 7/7
  4929 | D:4      | Reached skill level 5 in Axes
  5354 | D:4      | Reached skill level 5 in Fighting
  5494 | D:4      | Found a snail-covered altar of Cheibriados.
  5825 | D:4      | Found a shimmering altar of Xom.
  6216 | D:5      | Entered Level 5 of the Dungeon
  6237 | D:5      | Reached XP level 8. HP: 49/49 MP: 8/8
  6763 | D:5      | Found a staircase to the Ecumenical Temple.
  6782 | Temple   | Entered the Ecumenical Temple
  6879 | Temple   | Became a worshipper of Warmaster Okawaru
  7178 | D:5      | Reached skill level 1 in Evocations
  7317 | D:5      | Reached skill level 1 in Invocations
  7897 | D:6      | Noticed a cyclops
  7923 | D:6      | Mangled by a cyclops

Illustrated notes

Levels and vault maps discovered:
D:1:      ldierk_walled_garden_2, layout_basic, serial_shops,
          nicolae_shop_temple_entry_statues_fountains, interstate_on_off
D:2:      layout_loops_ring, hellmonk_ecumenical_altar_slurped_away,
          serial_bayou, serial_bayou_pond_c, serial_bayou_ford_a,
          serial_bayou_crossing, serial_bayou_pond_d, lemuel_flame_loot_1,
          uniq_crazy_yiuf_cottage
D:3:      layout_basic, cheibrodos_sewer_entry_drain
D:4:      layout_layer_cave, xom_butterflies, mainiacjoe_overflow_catwalk,
          minmay_cut_off
D:5:      layout_basic, minmay_temple_entry_purple_smoke
D:6:      layout_basic, serial_shops, nicolae_diamond_shop,
          chequers_serial_rivers_room_a, uniq_eustachio
Temple:   eino_temple_rhombus

Skill      XL: |  1  2  3  4  5  6  7  8 |
---------------+-------------------------+-----
Axes           | 2 3 4 5 6 |  6.5
Armour         | 4 5 6 |  6.3
Fighting       | 4 5 |  5.5
Shields        | 4 |  4.8
Evocations     | 1 |  1.7
Invocations    | 1 |  1.6

Action                   |  1- 3 |  4- 6 |  7- 9 || total
-------------------------+-------+-------+-------++-------
Melee: War axe           |   116 |   173 |   175 ||   464
  Use: Scroll            |     6 |     3 |     1 ||    10
       Potion            |       |     1 |     3 ||     4
Armor: Scale mail        |    69 |       |       ||    69
       Chain mail        |    15 |   158 |    92 ||   265
Dodge: Dodged            |    86 |    83 |    53 ||   222
Block: Buckler           |    28 |    61 |    42 ||   131

Table legend: (Time is in decaauts)
 A = Elapsed time spent in this place.
 B = Non-inter-level travel time spent in this place.
 C = Inter-level travel time spent in this place.
 D = Time resting spent in this place.
 E = Time spent auto-exploring this place.
 F = Levels seen in this place.
 G = Mean time per level.
                   A        B        C        D        E       F      G
               +--------+--------+--------+--------+--------+-----+--------+
         Total |   8097 |   7949 |    148 |   1889 |   4683 |   8 | 1012.1 |
       Dungeon |   7717 |   7585 |    132 |   1889 |   4417 |   6 | 1286.2 |
        Temple |    107 |     91 |     16 |      0 |     86 |   1 |  107.0 |
         Sewer |    272 |    272 |      0 |      0 |    180 |   1 |  272.0 |
               +--------+--------+--------+--------+--------+-----+--------+

Top non-repeatable levels by time:
     D:4: 2047 daAuts
     D:2: 1735 daAuts
     D:5: 1342 daAuts
     D:1: 1330 daAuts
     D:3: 977 daAuts
     D:6: 284 daAuts
   Sewer: 272 daAuts
  Temple: 107 daAuts
